 Dungeon Crawl Stone Soup version 0.20.1-1-g8b1a95d (webtiles) character file.

835 torrenera the Grappler (level 7, -4/61 HPs)
             Began as a Ghoul Monk on Oct 9, 2017.
             Slain by an orc warrior
             ... wielding a +0 flail
              (10 damage)
             ... on level 6 of the Dungeon.
             The game lasted 00:09:12 (4533 turns).

torrenera the Grappler (Ghoul Monk)                 Turns: 4533, Time: 00:09:12

Health: -4/61      AC: 11    Str: 17    XL:     7   Next: 99%
Magic:  6/6        EV:  7    Int:  5    God:
Gold:   328        SH:  0    Dex: 11    Spells: 6/6 levels left

rFire    . . .     SeeInvis .     - Unarmed
rCold    + + .     Gourm    .   (no shield)
rNeg     + + +     Faith    .   a - +2 chain mail {rC+}
rPois    ∞         Spirit   .   y - +0 helmet
rElec    .         Reflect  .   (no cloak)
rCorr    .         Harm     .   (no gloves)
MR       .....                  (no boots)
Stlth    ..........             (no amulet)
Regen    0.0/turn               p - ring of wizardry
MPRegen  0.1/turn               t - ring of flight

@: rotting
A: rotting body, claws 1, carnivore 3, cold resistance 1, negative energy
resistance 3, inhibited regeneration, torment resistance, unbreathing
a: Evoke Flight


You were on level 6 of the Dungeon.
You were not hungry.

You visited 1 branch of the dungeon, and saw 6 of its levels.

You collected 328 gold pieces.

Inventory:

Hand Weapons
 e - a +0 hunting sling
 w - a +0 hunting sling of flaming
 A - a +0 shortbow
Missiles
 d - 142 stones (quivered)
 i - 17 poisoned needles
 B - 23 arrows
Armour
 a - a +2 chain mail of cold resistance (worn)
 k - the +0 leather armour of Absolutism {rElec rPois Regen+ Int-5 Dex-5}
   (You found it on level 4 of the Dungeon)

   It affects your intelligence (-5).
   It affects your dexterity (-5).
   It insulates you from electricity.
   It protects you from poison.
   It increases your rate of regeneration.
 y - a +0 helmet (worn)
Jewellery
 p - a ring of wizardry (left claw)
 t - a ring of flight (right claw)
 u - an uncursed amulet of regeneration {unknown}
Wands
 v - a wand of random effects (14/48)
Scrolls
 c - 3 scrolls of remove curse
 f - a scroll of blinking {unknown}
 h - 2 scrolls of enchant armour {unknown}
 j - a scroll of fear {unknown}
 l - 4 scrolls of identify {unknown}
 m - 2 scrolls of teleportation {unknown}
 n - 2 scrolls of magic mapping {unknown}
 s - 3 scrolls of random uselessness {unknown}
 x - 2 scrolls of enchant weapon {unknown}
 z - a scroll of immolation {unknown}
Potions
 q - 2 potions of ambrosia
 r - a potion of berserk rage
Comestibles
 b - 3 meat rations


   Skills:
 * Level 5.0 Fighting
 - Level 2.6 Dodging
 - Level 2.1 Stealth
 + Level 9.3 Unarmed Combat


You had 6 spell levels left.
You didn't know any spells.

Dungeon Overview and Level Annotations

Branches:
Dungeon (6/15)             Temple (0/1) D:4

Altars:
Gozag
Hepliaklqana
Trog

Shops:
D:4 }   D:6 *

Annotations:
D:4 exclusion: oklob sapling
D:6 Frank's ghost, novice OpFi


Innate Abilities, Weirdness & Mutations

Your body is rotting away.
You thrive on raw meat.
You are immune to poison.
You have sharp fingernails.
You are carnivorous and can eat meat at any time.
Your flesh is cold resistant. (rC+)
You are immune to negative energy. (rN+++)
You do not regenerate when monsters are visible.
You are immune to unholy pain and torment.
You can survive without breathing.


Message History

The orc warrior hits you with a flail.
* * * LOW HITPOINT WARNING * * *
Okay, then.
You feel better.
The orc priest shouts!
You hear a shout!
The orc warrior hits you with a flail!
* * * LOW HITPOINT WARNING * * *
Eat a chunk of flesh? (ye/n/q)
You eat the chunk of flesh.
This raw flesh tastes great!
The orc warrior hits you with a flail!
* * * LOW HITPOINT WARNING * * *
The orc priest begins to cast a cantrip, but forgets the words!
You eat one of the 6 meat rations.
That meat ration really hit the spot!
The orc warrior hits you with a flail.
* * * LOW HITPOINT WARNING * * *
The orc priest looks satisfied for a moment.
You eat one of the 5 meat rations.
That meat ration really hit the spot!
You eat one of the 4 meat rations.
That meat ration really hit the spot!
The orc warrior hits you with a flail!
You die...

....................##### #.#
.####.####.#8.8.8#.##...####.#
#. ###...⌠.⌠.#...........#
........8.∩.8..##...######
#..######.⌠.⌠.#.##...# #
#8.8.8#......# ##########...#
######## ###.# #ooo@..# #.#
#(####.# #)# o..........#.#
#.# o#.####.##.#.# #.# #.#
#.#######.# ..# #.#.......#
### #.#.......# #.#.......#
#.#.......#


You could see an orc warrior, an orc priest and an orc.

Vanquished Creatures
  Prince Ribbit (D:5)
  A basilisk (D:6)
  A centaur (D:6)
  A bullfrog (D:6)
  A quasit (D:6)
  A hound (D:4)
  A bullfrog skeleton (D:5)
  An iguana (D:6)
  3 worker ants
  Terence (D:2)
  A worker ant zombie (D:5)
  4 adders
  A shadow imp (D:5)
  An ooze (D:2)
  A worm (D:3)
  2 dart slugs
  A leopard gecko (D:4)
  4 orcs
  2 ball pythons
  9 bats
  6 giant cockroaches
  11 hobgoblins
  3 jackals (D:5)
  10 kobolds
  2 quokkas
  4 frilled lizards
  9 goblins
  A quokka skeleton (D:4)
  9 rats
93 creatures vanquished.

Notes
Turn   | Place    | Note
-------+----------+-------------------------------------------
     0 | D:1      | torrenera the Ghoul Monk began the quest for the Orb.
     0 | D:1      | Reached XP level 1. HP: 19/19 MP: 0/0
   256 | D:1      | Reached XP level 2. HP: 21/27 MP: 1/1
   560 | D:1      | Reached skill level 4 in Unarmed Combat
   587 | D:1      | Reached XP level 3. HP: 33/33 MP: 2/2
  1523 | D:2      | Found a hazy altar of Hepliaklqana.
  1527 | D:2      | Noticed Terence
  1535 | D:2      | Killed Terence
  1535 | D:2      | Reached XP level 4. HP: 40/40 MP: 3/3
  2041 | D:3      | Reached skill level 5 in Unarmed Combat
  2443 | D:3      | Reached XP level 5. HP: 47/47 MP: 4/4
  3151 | D:4      | Got a transparent leather armour
  3177 | D:4      | Identified the cursed +0 leather armour of Absolutism {rElec rPois Regen+ Int-5 Dex-5} (You found it on level 4 of the Dungeon)
  3177 | D:4      | Lost intelligence.
  3241 | D:4      | Found Erchy's Gadget Shoppe.
  3339 | D:4      | Reached skill level 6 in Unarmed Combat
  3470 | D:4      | Found a staircase to the Ecumenical Temple.
  3529 | D:5      | Entered Level 5 of the Dungeon
  3562 | D:5      | Reached XP level 6. HP: 50/53 MP: 5/5
  3586 | D:5      | Found a bloodstained altar of Trog.
  3691 | D:5      | Found an opulent altar of Gozag.
  3764 | D:5      | Reached skill level 7 in Unarmed Combat
  3804 | D:5      | Noticed Prince Ribbit
  3814 | D:5      | Killed Prince Ribbit
  3814 | D:5      | Reached skill level 8 in Unarmed Combat
  3814 | D:5      | Reached XP level 7. HP: 47/60 MP: 6/6
  4188 | D:6      | Found a bloodstained altar of Trog.
  4188 | D:6      | Noticed Frank's ghost (novice OpFi)
  4204 | D:6      | Found Jeokhlic's General Store.
  4497 | D:6      | Noticed a basilisk
  4518 | D:6      | Killed a basilisk
  4518 | D:6      | Reached skill level 5 in Fighting
  4518 | D:6      | Reached skill level 9 in Unarmed Combat
  4533 | D:6      | Slain by an orc warrior

Skill      XL: |  1  2  3  4  5  6  7 |
---------------+----------------------+-----
Unarmed Combat | 4 5 6 8 9 |  9.3
Fighting       | 4 5 |  5.0
Dodging        | |  2.6
Stealth        | |  2.1

Action                   |  1- 3 |  4- 6 |  7- 9 || total
-------------------------+-------+-------+-------++-------
Melee: Unarmed           |   102 |   160 |    46 ||   308
       Punch             |     2 |       |     2 ||     4
 Fire: Hunting sling     |       |       |     3 ||     3
  Use: Potion            |       |     7 |     1 ||     8
       Scroll            |       |     1 |       ||     1
 Stab: Sleeping          |     2 |       |       ||     2
  Eat: Chunk             |     7 |     5 |     3 ||    15
       Meat ration       |       |       |     3 ||     3
Armor: Robe              |    19 |       |       ||    19
       Chain mail        |       |    77 |    36 ||   113
Dodge: Dodged            |    73 |    46 |    11 ||   130
